 Dungeon Crawl Stone Soup version 0.31-a0-117-g42d8f58691 (webtiles) character file.

Game seed: 6576144448910201005

1235 lunkers the Cutter (level 8, 0/62 HPs)
             Began as a Demigod Fighter on May 30, 2023.
             Slain by Maggie
             ... wielding a +2 long sword of flaming
              (2 damage)
             ... on level 6 of the Dungeon.
             The game lasted 00:10:35 (4012 turns).

lunkers the Cutter (Demigod Fighter)                Turns: 4012, Time: 00:10:36

Health: 0/62       AC: 10    Str: 17    XL:     8   Next: 4%
Magic:  0/10       EV:  9    Int: 13    God:
Gold:   237        SH:  0    Dex: 27    Spells: 7/7 levels left

rFire   . . .        a - +3 great sword (holy)
rCold   . . .        (shield currently unavailable)
rNeg    . . .        f - +0 scale mail
rPois   .            o - +0 helmet {Int+3}
rElec   .            w - +0 cloak
rCorr   .            (no gloves)
SInv    .            q - +0 pair of boots
Will    +....        A - amulet of guardian spirit
Stlth   +            B - ring of willpower
HPRegen 0.30/turn    n - +6 ring of dexterity
MPRegen 0.12/turn

%: guardian spirit
@: mesmerised
A: high MP 1, forlorn, divine attributes
a: no special abilities


You were on level 6 of the Dungeon.
You visited 1 branch of the dungeon, and saw 6 of its levels.
You also visited: Sewer and Ossuary.

You collected 237 gold pieces.

Inventory:

Hand Weapons
 a - a +3 great sword of holy wrath (weapon)
 b - a +1 heavy short sword
 g - a +0 long sword
 i - a +1 dagger of electrocution
Armour
 c - a +0 buckler
 f - a +0 scale mail (worn)
 o - a +0 helmet of intelligence (worn)
 q - a +0 pair of boots (worn)
 w - a +0 cloak (worn)
Jewellery
 l - a ring of protection from fire
 n - a +6 ring of dexterity (right hand)
 s - a ring of positive energy
 A - an amulet of guardian spirit (around neck)
 B - a ring of willpower (left hand)
Wands
 j - a wand of roots (6)
 u - a wand of polymorph (14)
 y - a wand of charming (6)
 z - a wand of quicksilver (7)
 C - a wand of flame (36)
Scrolls
 e - 2 scrolls of immolation
 h - 2 scrolls of poison
 k - a scroll of magic mapping
 p - 3 scrolls of teleportation
 D - 2 scrolls of fear
 F - 2 scrolls of fog
Potions
 d - a potion of might
 m - a potion of haste {unknown}
 r - a potion of lignification {unknown}
 t - 4 potions of mutation
 v - 2 potions of cancellation
 x - 2 potions of attraction
 E - 2 potions of ambrosia
 G - a potion of magic {unknown}
 I - a potion of experience {unknown}
 K - 3 potions of heal wounds
 L - a potion of curing {unknown}
 M - a potion of brilliance {unknown}


   Skills:
 - Level 2.6 Fighting
 - Level 6.8(7.9) Short Blades
 + Level 6.1(7.6) Long Blades
 - Level 2.6 Armour
 - Level 2.6 Shields


You had 7 spell levels left.
You didn't know any spells.
Your spell library contained the following spells:

 Spells                   Type           Power      Damage    Failure   Level
 Sandblast                Erth           0%         2d4       71%         1
 Passwall                 Tmut/Erth      0%         N/A       83%         2
 Ignite Poison            Fire/Tmut/Pois 0%         N/A       97%         3
 Stone Arrow              Conj/Erth      0%         3d7       97%         3
 Vhi's Electric Charge    Tloc/Air       0%         N/A       97%         3
 Leda's Liquefaction      Hex/Erth       0%         N/A       100%        4
 Sticky Flame             Conj/Fire      0%         2d3       100%        4
 Arcjolt                  Conj/Air       0%         1d10      100%        5
 Lee's Rapid Deconstruct  Erth           0%         3d4*      100%        5
 Leda's Unmaking          Conj/Erth      0%         9d1       100%        6
 Plasma Beam              Fire/Air       0%         2x1d11    100%        6
 Statue Form              Tmut/Erth      0%         N/A       100%        6
 Ignition                 Fire           0%         3d3       100%        8


Dungeon Overview and Level Annotations

Branches:
Dungeon (6/15)             Temple (0/1) D:5           Sewer (visited)
Ossuary (visited)

Annotations:
D:6 Maggie


Innate Abilities, Weirdness & Mutations

You have an increased reservoir of magic. (+10% MP)
You shall have no god before yourself.
Your divine heritage dramatically boosts your attributes as you level up.


Message History

Maggie hits you with a +2 long sword of flaming.
Maggie burns you.
There is an open door here.
You barely miss Maggie.
Maggie hits you with a +2 long sword of flaming.
Maggie burns you. Maggie closely misses you.
You slash Maggie!
Maggie is lightly wounded.
Maggie gestures at you while chanting. The bolt of fire hits you!
* * * LOW HITPOINT WARNING * * *
You slice Maggie!!
Maggie is heavily wounded.
Maggie mumbles some strange words.
Maggie attempts to bespell you!
You are mesmerised by Maggie!
You hit Maggie.
Maggie is heavily wounded.
Maggie hits you with a +2 long sword of flaming!
* * * LOW HITPOINT WARNING * * *
Maggie burns you.
* * * LOW HITPOINT WARNING * * *
Maggie hits you with a +2 long sword of flaming.
* * * LOW HITPOINT WARNING * * *
Maggie burns you.
* * * LOW HITPOINT WARNING * * *
Unknown command.
You closely miss Maggie.
Maggie is heavily wounded.
Maggie gestures at you while chanting. The bolt of fire hits you!
* * * LOW MAGIC WARNING * * *
* * * LOW HITPOINT WARNING * * *
You slice Maggie!!
Maggie is almost dead.
Maggie hits you with a +2 long sword of flaming.
* * * LOW MAGIC WARNING * * *
* * * LOW HITPOINT WARNING * * *
Maggie burns you.
You die...

#...............######........
#...............# #........
#.....##........# #.......#
.......##........# #........
.......##........# ###........
...######........# #..........
............###..# #.#........
............# ##.# #.#####...#
.........# #@# ##.###.#..#
.........#....@...##.#.# ..# .
.........#......####...######.
.........#....................
.........#......####...####...
.........#....... #.#.##.....
#........#.###.#.....
#.........# ###..#... ...
#........


You could see Maggie (mesmerising).

Vanquished Creatures
  Sigmund (D:5)
  An ogre (D:5)
  3 bullfrogs
  3 scorpions
  A jelly (D:6)
  2 orc priests
  4 hounds
  A sleepcap (D:4)
  Jessica (D:2)
  4 iguanas
  4 mummies (Ossuary)
  8 adders
  A river rat (D:3)
  A worm (D:3)
  4 dart slugs
  7 orcs
  17 ball pythons
  4 endoplasms
  12 giant cockroaches
  8 goblins
  2 hobgoblins (D:2)
  4 kobolds
  7 quokkas
  8 bats
  10 frilled lizards
  2 goblin zombies (Ossuary)
  A hobgoblin zombie (Ossuary)
  A kobold zombie (Ossuary)
  4 orc zombies (Ossuary)
  3 rats
129 creatures vanquished.

Notes
Turn   | Place    | Note
-------+----------+-------------------------------------------
     0 | D:1      | lunkers the Demigod Fighter began the quest for the Orb.
     0 | D:1      | Reached XP level 1. HP: 18/18 MP: 3/3
   162 | D:1      | Reached skill level 1 in Short Blades
   175 | D:1      | Reached XP level 2. HP: 22/25 MP: 4/4
   638 | D:2      | Reached XP level 3. HP: 27/30 MP: 5/5
   942 | D:2      | Noticed Jessica
   956 | D:2      | Killed Jessica
  1214 | D:3      | Reached XP level 4. HP: 37/37 MP: 6/6
  1386 | D:3      | Found a glowing drain.
  1423 | Sewer    | Entered a sewer
  1720 | Sewer    | Noticed a bullfrog
  1732 | Sewer    | Killed a bullfrog
  1733 | Sewer    | Reached XP level 5. HP: 42/42 MP: 7/7
  1746 | Sewer    | Reached skill level 5 in Short Blades
  2288 | D:4      | Reached XP level 6. HP: 50/50 MP: 8/8
  2697 | D:5      | Entered Level 5 of the Dungeon
  2727 | D:5      | Found a sand-covered staircase.
  2731 | Ossuary  | Entered an ossuary
  3019 | Ossuary  | Identified a scroll of acquirement
  3019 | Ossuary  | Acquired a +2 great sword of holy wrath
  3075 | D:5      | Reached XP level 7. HP: 56/56 MP: 9/9
  3411 | D:5      | Noticed Sigmund
  3418 | D:5      | Killed Sigmund
  3419 | D:5      | Reached skill level 5 in Long Blades
  3585 | D:5      | Found a staircase to the Ecumenical Temple.
  3705 | D:6      | Reached XP level 8. HP: 58/62 MP: 7/10
  4005 | D:6      | Noticed Maggie
  4012 | D:6      | HP: 2/62 [Maggie/+2 long sword of flaming (4)]
  4012 | D:6      | Slain by Maggie

Illustrated notes

Levels and vault maps discovered:
D:1:      dpeg_arrival_water_temple_mockup, layout_loops_corners,
          nrook_mini_vaults, st_stairs_3, serial_park_tiny_pond,
          supply_closet_lemuel, chequers_jeans, dk_noncrumbling_3
D:2:      wander_river, layout_rooms, shapermc_ecumenical_altar_venn,
          basic_altar, uniq_jessica
D:3:      layout_basic, nicolae_qazlal_general_emergency,
          cheibrodos_sewer_entry_sluice
D:4:      layout_loops_corners, minmay_misc_feat_tower, wad_rectangle_vault
D:5:      layout_cave_pools, grunt_gozag_statues, minmay_temple_entry_fiery,
          nicolae_ossuary_entry_plus, lightli_corner_chamber, uniq_sigmund
D:6:      layout_basic, cheibrodos_ashenzari_chains, hex_intersection,
          grunt_ministairs_2, uniq_maggie

Skill      XL: |  1  2  3  4  5  6  7 |
---------------+----------------------+-----
Long Blades    | 2 6 |  6.1
Short Blades   | 1 2 3 4 5 6 |  6.8
Fighting       | |  2.6
Armour         | |  2.6
Shields        | |  2.6

Action                     |  1- 3 |  4- 6 |  7- 9 || total
---------------------------+-------+-------+-------++-------
  Melee: Short sword       |   110 |   279 |       ||   389
         Long sword        |     5 |       |       ||     5
         Great sword       |       |     3 |    54 ||    57
    Use: Potion            |       |     1 |       ||     1
         Scroll            |       |    14 |     2 ||    16
 Armour: Scale mail        |    44 |    95 |    20 ||   159
  Dodge: Dodged            |    61 |    98 |    25 ||   184
  Block: Buckler           |    22 |    64 |       ||    86

Table legend: (Time is in decaauts)
 A = Elapsed time spent in this place.
 B = Non-inter-level travel time spent in this place.
 C = Inter-level travel time spent in this place.
 D = Time resting spent in this place.
 E = Time spent auto-exploring this place.
 F = Levels seen in this place.
 G = Mean time per level.
                   A        B        C        D        E       F      G
               +--------+--------+--------+--------+--------+-----+--------+
         Total |   4027 |   3943 |     84 |      0 |   2817 |   8 |  503.4 |
       Dungeon |   3356 |   3272 |     84 |      0 |   2540 |   6 |  559.3 |
         Sewer |    375 |    375 |      0 |      0 |    125 |   1 |  375.0 |
       Ossuary |    295 |    295 |      0 |      0 |    151 |   1 |  295.0 |
               +--------+--------+--------+--------+--------+-----+--------+

Top non-repeatable levels by time:
     D:4: 813 daAuts
     D:1: 620 daAuts
     D:5: 599 daAuts
     D:2: 541 daAuts
     D:6: 404 daAuts
     D:3: 377 daAuts
   Sewer: 375 daAuts
 Ossuary: 295 daAuts
